 Dungeon Sprint DCSS version 0.28-a0-863-g8cecda6153 (webtiles) character file.

Game seed: 1232525854197534387

5 Turgor the Skirmisher (level 1, -4/23 HPs)
             Began as a Troll Berserker on Nov 16, 2021.
             Was a Believer of Trog.
             Slain by a phantom (7 damage)
             ... in the Dungeon (Sprint IX: "|||||||||||||||||||||||||||||").
             The game lasted 00:01:05 (44 turns).

Turgor the Skirmisher (Troll Berserker)               Turns: 44, Time: 00:01:06

Health: -4/23      AC:  4    Str: 24    XL:     1   Next: 66%
Magic:  0/0        EV: 10    Int:  3    God:    Trog [**....]
Gold:   0          SH:  0    Dex:  9    Spells: 0/0 levels left

rFire   . . .      SeeInvis .   a - +0 hand axe
rCold   . . .      Faith    .   (no shield)
rNeg    . . .      Spirit   .   b - +0 animal skin
rPois   .          Reflect  .   (helmet restricted)
rElec   .          Harm     .   (no cloak)
rCorr   .          Rampage  .   (gloves unavailable)
Will    .....      NoTele   +   (boots unavailable)
Stlth   +.........              (no amulet)
HPRegen 1.07/turn               (no ring)
MPRegen 0.07/turn               (no ring)

@: no status effects
A: large, unfitting armour, claws 3, regeneration 1, shaggy fur 1, tough skin 1
a: Renounce Religion, Berserk, Trog's Hand


You were in the Dungeon.
You worshipped Trog.
Trog was pleased with you.
You visited 1 branch

Inventory:

Hand Weapons
 a - a +0 hand axe (weapon)
Armour
 b - a +0 animal skin (worn)
Scrolls
 h - a scroll of blinking
Potions
 c - a potion of curing
 d - a potion of heal wounds
 e - a potion of haste
 f - 2 potions of magic
 g - a potion of berserk rage


   Skills:
 + Level 3.2 Fighting
 + Level 3.2 Axes
 - Level 2.4 Dodging


You couldn't memorise any spells.
You didn't know any spells.
Your spell library was empty.

Dungeon Overview and Level Annotations

Branches:
Dungeon (1/1)

Altars:


Innate Abilities, Weirdness & Mutations

You are too large for most types of armour.
You have claws for hands.
Your natural rate of healing is unusually fast.
You are covered in fur. (AC +1)
You have tough skin. (AC +1)


Message History

The phantom hits you.
You hit the phantom.
The phantom is heavily damaged.
The phantom hits you but does no damage.
You hit the phantom.
The phantom is heavily damaged.
The phantom closely misses you. The phantom hits you.
You closely miss the phantom.
The phantom is heavily damaged.
The phantom barely misses you.
You hit the phantom.
The phantom is heavily damaged.
The phantom hits you but does no damage.
You barely miss the phantom.
The phantom is heavily damaged.
The phantom hits you.
You hit the phantom but do no damage.
The phantom is heavily damaged.
The phantom hits you but does no damage.
You hit the phantom.
The phantom is heavily damaged.
The phantom hits you.
You closely miss the phantom.
The phantom is heavily damaged.
The phantom barely misses you.
You hit the phantom.
The phantom is severely damaged.
The phantom hits you. The phantom completely misses you.
You closely miss the phantom.
The phantom is severely damaged.
The phantom hits you!
* * * LOW HITPOINT WARNING * * *
You hit the phantom.
The phantom is severely damaged.
The phantom hits you.
* * * LOW HITPOINT WARNING * * *
You closely miss the phantom.
The phantom is severely damaged.
The phantom hits you!
You die...

▓+▓
▓.▓
▓Z▓
▓Z▓
▓o▓
▓h▓
▓W▓
▓@▓
▓.▓
▓.▓
▓†▓
▓.▓
▓)▓
▓.▓
▓.▓
▓.▓


You could see a phantom, a black bear, an orc, a ball python zombie and a ball
python skeleton.

Vanquished Creatures
  A bat (D)
  An endoplasm (D)
  A giant cockroach (D)
  A ball python (D)
  A kobold (D)
5 creatures vanquished.

Notes
Turn   | Place    | Note
-------+----------+-------------------------------------------
     0 | D        | Turgor the Troll Berserker began the quest for the Orb.
     0 | D        | Reached XP level 1. HP: 22/22 MP: 0/0
    10 | D        | Reached ** piety under Trog
    25 | D        | Noticed a black bear
    25 | D        | Noticed a phantom
    44 | D        | Slain by a phantom

Illustrated notes

Levels and vault maps discovered:
D:        linesprint [early_d, line_temple, items_1, d_10, items_2, lair_1,
          lair_end, items_3, orc_1, orc_end, items_4, d_15, swamp_1, shoals_1,
          snake_1, spider_1, d_20, vaults_1, items_5, swamp_end, shoals_end,
          snake_end, spider_end, vaults_end, d_27, items_6, zot_1, zot_end,
          crypt_end, forest_end, elf_end, slime_end, tomb_end, abyss_end,
          pan_hell_end]

Skill      XL: |  1 |
---------------+----+-----
Fighting       | 3 |  3.2
Axes           | 3 |  3.2
Dodging        | |  2.4

Action                   || total
-------------------------++-------
Melee: Hand axe          ||    30
Armor: Animal skin       ||    12
Dodge: Dodged            ||    10

Table legend: (Time is in decaauts)
 A = Elapsed time spent in this place.
 B = Non-inter-level travel time spent in this place.
 C = Inter-level travel time spent in this place.
 D = Time resting spent in this place.
 E = Time spent auto-exploring this place.
 F = Levels seen in this place.
 G = Mean time per level.
                   A        B        C        D        E       F      G
               +--------+--------+--------+--------+--------+-----+--------+
         Total |     48 |     48 |      0 |      0 |      0 |   1 |   48.0 |
       Dungeon |     48 |     48 |      0 |      0 |      0 |   1 |   48.0 |
               +--------+--------+--------+--------+--------+-----+--------+

Top non-repeatable levels by time:
       D: 48 daAuts
